 Dungeon Crawl Stone Soup version 0.18.1-8-gdd0e5ea (webtiles) character file.

12 M4edhros the Sneak (level 2, -1/18 HPs)
             Began as an Octopode Artificer on June 7, 2016.
             Slain by a goblin
             ... wielding a +0 club
             ... led by Robin
              (5 damage)
             ... on level 1 of the Dungeon.
             The game lasted 00:00:34 (512 turns).

M4edhros the Sneak (Octopode Artificer)              Turns: 512, Time: 00:00:35

Health: -1/18      AC:  1    Str: 10    XL:     2   Next: 33%
Magic:  4/4        EV: 12    Int: 14    God:
Gold:   28         SH:  0    Dex: 12    Spells: 0 memorised, 1 level left

rFire  . . .     SeeInvis .     a - +0 short sword
rCold  . . .     Gourm    .     (no shield)
rNeg   . . .     Faith    .     (helmet restricted)
rPois  .         Spirit   .     l - amulet of harm
rElec  .         Dismiss  .     (no ring)
rCorr  .         Reflect  .     (no ring)
SustAt .         Harm     +     (no ring)
MR     .....                    (no ring)
Stlth  +++.......               (no ring)
                                (no ring)
                                (no ring)
                                (no ring)

@: not resistant to hostile enchantments, fairly stealthy
A: almost no armour, amphibious, 8 rings, constrict 8, camouflage 1, gelatinous
body 1
a: no special abilities


You were on level 1 of the Dungeon.
You were not hungry.

You visited 1 branch of the dungeon, and saw 2 of its levels.

You collected 28 gold pieces.

Inventory:

Hand Weapons
 a - a +0 short sword (weapon)
Jewellery
 l - an amulet of harm (around mantle)
Wands
 b - a wand of flame (14/48)
 c - a wand of enslavement (14/24)
 d - a wand of random effects (15/48)
Scrolls
 h - a scroll of magic mapping {unknown}
 j - a scroll of remove curse {unknown}
 k - a scroll of teleportation {unknown}
Potions
 e - a potion of ambrosia {unknown}
 g - 2 potions of resistance {unknown}
 i - a potion of curing {unknown}
Comestibles
 f - a bread ration


   Skills:
 - Level 1.0 Fighting
 - Level 1.0 Short Blades
 - Level 2.0 Dodging
 + Level 3.3 Stealth
 - Level 3.2 Evocations


You had one spell level left.
You didn't know any spells.

Dungeon Overview and Level Annotations

Branches:
Dungeon (2/15)

Altars:

Annotations:
D:2 Robin


Innate Abilities, Weirdness & Mutations

You cannot wear most types of armour.
You are amphibious.
You can wear up to eight rings at the same time.
You can use your tentacles to constrict eight enemies at once.
Your skin changes colour to match your surroundings (Stealth).
Your rubbery body absorbs attacks (AC +1).


Message History

l - a thin soapstone amulet The goblin barely misses you.
Put on which piece of jewellery? (? for menu, Esc to quit)
l - an amulet of harm (around mantle)
The goblin hits you. The goblin hits you but does no damage.
The hobgoblin no longer looks unusually strong.
Found a stone staircase leading up.
The goblin hits you with a club.
* * * LOW HITPOINT WARNING * * *
There is a stone staircase leading up here.
You climb upwards.
There is a stone staircase leading down here.
Evoke which item? (* to show all) (? for menu, Esc to quit)
Zapping:
b - a wand of flame (15/48)
Press: ? - help, Shift-Dir - straight line, f - goblin
Aim: a goblin, wielding a club The puff of flame misses the goblin.
This wand has 14 charges left.
The goblin hits you with a club.
You die...

#.#.....####....
#.#.#..## ##...
#.#.#.## ##..
#.....# ##.
###.### ## #.# #
#####.## #######
#g.....# #......
#@###..# #.####.
#.# #..# #.# #..
#.#
#..#####.####.
#.#
#...........##
#.#
##.#####.##...
#.# #.# #.#####
#.####.# #......
#......#
##......
########
#..≈≈≈≈.


You could see a goblin.

Vanquished Creatures
  A dart slug (D:1)
  3 goblins
  A hobgoblin (D:1)
  A kobold (D:1)
  2 rats
8 creatures vanquished.

Vanquished Creatures (collateral kills)
  2 goblins (D:2)
  A hobgoblin (D:2)
3 creatures vanquished.

Vanquished Creatures (others)
  An adder (D:2)
1 creature vanquished.

Grand Total: 12 creatures vanquished

Notes
Turn   | Place    | Note
--------------------------------------------------------------
     0 | D:1      | M4edhros the Octopode Artificer began the quest for the Orb.
     0 | D:1      | Reached XP level 1. HP: 13/13 MP: 3/3
   275 | D:1      | Reached XP level 2. HP: 13/18 MP: 4/4
   426 | D:2      | Noticed Robin
   512 | D:1      | Slain by a goblin

Skill      XL: |  1 |
---------------+----+-----
Stealth        | 3 |  3.3
Fighting       | |  1.0
Short Blades   | |  1.0
Dodging        | |  2.0
Evocations     | |  3.2

Action                   || total
-------------------------++-------
Melee: Short sword       ||    13
       Constrict         ||     5
       Tentacles         ||     3
Evoke: Wand              ||     2
 Stab: Sleeping          ||     3
Dodge: Dodged            ||    19
